 Seeded DCSS version 0.30.1-4-g462c640d31 (webtiles) character file.

Game seed: 1488530604685760082 (custom seed)

51721 kingsuperguy the Severer (level 14, -3/129 HPs)
             Began as a Pale Draconian Berserker on Sept 15, 2023.
             Was a High Priest of Trog.
             Slain by a seven-headed hydra simulacrum (10 damage)
             ... in an ice cave.
             The game lasted 00:32:10 (15956 turns).

kingsuperguy the Severer (DrBe)                    Turns: 15956, Time: 00:32:10

Health: -3/129     AC: 12    Str: 28    XL:     14   Next: 24%
Magic:  14/14      EV: 15    Int:  7    God:    Trog [*****.]
Gold:   1798       SH:  7    Dex: 11    Spells: 13/13 levels left

rFire   . . .        q - +11 broad axe "Draconian's Regret" {spect, Str+3}
rCold   . . .        O - +2 buckler
rNeg    . . .        (body armour unavailable)
rPois   +            (helmet restricted)
rElec   +            Y - +2 cloak of the Enchanted Forest {+Blink rPois}
rCorr   .            (no gloves)
SInv    .            d - +0 pair of boots
Will    +....        W - amulet of Docsebui {Acrobat -Cast Rampage rElec Regen+}
Stlth   ++++         R - ring of flight
HPRegen 1.21/turn    S - ring of poison resistance
MPRegen 0.14/turn

%: no spellcasting, acrobat, rampage
@: on blink cooldown, flying, unable to read
A: breathe steam, AC +8, unfitting armour, cold-blooded, steam resistance,
inability to read after injury 1
a: Breathe Steam, Renounce Religion, Evoke Blink, Berserk, Trog's Hand, Brothers
in Arms


You were in an ice cave.
You worshipped Trog.
Trog was extremely pleased with you.
You visited 2 branches of the dungeon, and saw 17 of its levels.
You also visited: Sewer, Ossuary and Ice Cave.

You collected 1798 gold pieces.

Inventory:

Hand Weapons
 q - the +11 broad axe "Draconian's Regret" (weapon) {spect, Str+3}
   (You found it on level 3 of the Dungeon)

   Str:       It affects your strength (+3).
 Z - a +1 great mace of protection
Armour
 d - a +0 pair of boots (worn)
 O - a +2 buckler (worn)
 X - a +2 cloak of willpower
 Y - the +2 cloak of the Enchanted Forest (worn) {+Blink rPois}
   (You found it on level 14 of the Dungeon)

   rPois:     It protects you from poison.
   +Blink:    It lets you blink.
Jewellery
 a - an amulet of the acrobat
 g - an amulet of faith
 j - an amulet of guardian spirit
 t - a ring of ice
 y - a +6 ring of intelligence
 J - a ring of see invisible
 L - a +6 ring of intelligence
 R - a ring of flight (left hand)
 S - a ring of poison resistance (right hand)
 W - the amulet of Docsebui (around neck) {Acrobat -Cast Rampage rElec Regen+}
   (You found it on level 12 of the Dungeon)

   [amulet of the acrobat]

   It increases your evasion while moving and waiting.
   rElec:     It insulates you from electricity.
   -Cast:     It prevents spellcasting.
   Regen:     It increases your rate of health regeneration.
   Rampage:   It bestows one free step when moving towards enemies.
Wands
 o - a wand of flame (53)
 F - a wand of roots (12)
 G - a wand of mindburst (11)
 I - a wand of paralysis (23)
 M - a wand of acid (4)
Scrolls
 b - 8 scrolls of teleportation
 c - 2 scrolls of brand weapon
 f - 2 scrolls of summoning
 h - 7 scrolls of fog
 k - 2 scrolls of enchant armour
 l - 3 scrolls of amnesia
 m - 2 scrolls of blinking {unknown}
 n - 3 scrolls of fear {unknown}
 r - 6 scrolls of immolation {unknown}
 u - 2 scrolls of enchant weapon {unknown}
 x - 5 scrolls of magic mapping {unknown}
 H - 3 scrolls of noise {unknown}
 N - 3 scrolls of vulnerability {unknown}
 Q - a scroll of torment {unknown}
 T - 3 scrolls of silence {unknown}
 U - 6 scrolls of identify
Potions
 e - 8 potions of attraction
 i - 17 potions of curing
 p - 3 potions of degeneration {unknown}
 s - 7 potions of haste {unknown}
 v - a potion of cancellation
 w - 2 potions of brilliance
 z - 4 potions of mutation {unknown}
 A - 3 potions of ambrosia {unknown}
 B - 2 potions of heal wounds {unknown}
 C - 2 potions of resistance {unknown}
 D - a potion of magic
 E - 5 potions of might {unknown}
 K - a potion of invisibility {unknown}
 P - a potion of flight {unknown}
 V - 2 potions of berserk rage {unknown}


   Skills:
 + Level 13.0 Fighting
 + Level 17.7 Axes
 + Level 9.5 Dodging
 + Level 8.6 Stealth
 + Level 5.3 Shields
 + Level 0.3 Evocations


You had 13 spell levels left.
You didn't know any spells.
Your spell library was empty.

Dungeon Overview and Level Annotations

Branches:
Dungeon (15/15)            Temple (0/1) D:5            Lair (0/5) D:9
    Orc (2/2) D:10         Vaults (0/5) D:14          Sewer (visited)
Ossuary (visited)           IceCv (1/1)
    Elf: Orc:2       Depths: D:15

Altars:
Elyvilon
Gozag
Ru
Sif Muna
Trog
Uskayaw
The Shining One

Shops:
D:1 (   Orc:1 [[

Annotations:
D:13 3 runed translucent doors


Innate Abilities, Weirdness & Mutations

You can breathe blasts of scalding, opaque steam.
Your pale cyan-grey scales are hard. (AC +8)
You cannot fit into any form of body armour.
You are cold-blooded and may be slowed by cold attacks.
You are immune to the effects of steam.
You occasionally lose the ability to read scrolls when taking damage.


Message History

Your +11 broad axe "Draconian's Regret" {spect, Str+3} resists.
Your spectral weapon shares its damage with you!
Your +11 broad axe "Draconian's Regret" {spect, Str+3} disappears.
The dire elephant simulacrum closely misses you.
The dire elephant simulacrum trunk-slaps you.
The dire elephant simulacrum freezes you!!!
You feel yourself slow down.
You hit the dire elephant simulacrum.
The dire elephant simulacrum is lightly damaged.
You slash the golden dragon simulacrum!
Your +11 broad axe "Draconian's Regret" {spect, Str+3} hits the dire elephant simulacrum.
Your +11 broad axe "Draconian's Regret" {spect, Str+3} hits the golden dragon simulacrum!!
Your +11 broad axe "Draconian's Regret" {spect, Str+3} hits the dire elephant simulacrum but does no damage.
Your +11 broad axe "Draconian's Regret" {spect, Str+3} hits the golden dragon simulacrum!
Your +11 broad axe "Draconian's Regret" {spect, Str+3} hits the dire elephant simulacrum! x2
The anaconda simulacrum barely misses you.
The anaconda simulacrum misses you.
You block the golden dragon simulacrum's attack.
The golden dragon simulacrum claws you.
The golden dragon simulacrum freezes you!!
You feel threatened and lose the ability to read scrolls!
The golden dragon simulacrum tramples you but does no damage.
The dire elephant simulacrum tramples your +11 broad axe "Draconian's Regret" {spect, Str+3}!!
Your spectral weapon shares its damage with you!
Your +11 broad axe "Draconian's Regret" {spect, Str+3} is shoved backwards!
Your +11 broad axe "Draconian's Regret" {spect, Str+3} disappears.
The dire elephant simulacrum closely misses you.
The dire elephant simulacrum barely misses you.
You blink.
You feel yourself speed up.
You block the anaconda simulacrum's attack.
The anaconda simulacrum completely misses you.
The seven-headed hydra simulacrum bites you but does no damage.
The seven-headed hydra simulacrum bites you.
The seven-headed hydra simulacrum freezes you!!
* * * LOW HITPOINT WARNING * * *
The seven-headed hydra simulacrum closely misses you.
The seven-headed hydra simulacrum barely misses you.
The seven-headed hydra simulacrum bites you!
You die...

#.......#
#...∩...#
##.....##
##...##
##.##
##.§Z##
##..ZZ.##
#ZZZZ...#
#.@.Z...#
#[.Z..Z)#
#[.....)#
#$[...($#
####.####
.. ...
....


You could see an anaconda simulacrum, an alligator simulacrum, a seven-headed
hydra simulacrum, 2 dire elephant simulacra, a lindwurm simulacrum, 2 golden
dragon simulacra, an ettin simulacrum and a caustic shrike simulacrum.

Vanquished Creatures
  Rupert (D:15)
  Kirke (D:13)
  Azrael (D:13)
  A hydra (D:13)
  An ogre mage (D:14)
  3 centaur warriors (D:14)
  5 boulder beetles
  4 two-headed ogres (D:14)
  4 skeletal warriors
  Nergalle (Orc:1)
  A shadow demon (D:14)
  2 deep elf pyromancers
  2 deep elf zephyrmancers (D:14)
  An orc knight (Orc:1)
  3 cyclopes (D:13)
  An orc sorcerer (Orc:1)
  Pikel (D:4)
  15 ugly things
  A manticore (D:13)
  Maurice (D:10)
  3 gargoyles
  3 centaur skeletons (D:14)
  Psyche (D:10)
  2 kobold demonologists
  An efreet (D:14)
  A freezing wraith (D:14)
  A meliai (D:13)
  9 trolls
  5 slime creatures (D:13)
  Sigmund (D:6)
  4 wraiths
  8 yaks (D:10)
  A wyvern (D:11)
  A centaur simulacrum (D:14)
  A vampire (D:10)
  Eustachio (D:5)
  4 hogs (D:13)
  4 fire elementals
  2 basilisks
  Edmund (D:6)
  4 vampire mosquitoes
  Menkaure (D:6)
  3 acid dragons
  A warg (Orc:1)
  A water moccasin (D:6)
  5 swamp worms (D:14)
  5 hell hounds (D:13)
  2 black bears
  23 orc warriors
  A sky beast (D:7)
  4 ice beasts
  4 ogres
  5 boggarts (D:10)
  8 centaurs
  3 lemures (D:4)
  A phantom (D:7)
  5 kobold brigands
  A bullfrog (D:8)
  Blork the orc (D:5)
  2 gnoll sergeants
  2 wyvern zombies (Ossuary)
  3 scorpions
  2 water moccasin zombies (Ossuary)
  4 wights (D:8)
  5 killer bees (D:9)
  6 electric eels
  7 howler monkeys
  5 centaur zombies (Ossuary)
  5 bullfrog zombies (Ossuary)
  4 gnoll boudas
  3 hounds
  19 orc priests
  4 iguanas
  23 orc wizards
  21 mummies (Ossuary)
  36 gnolls
  16 adders
  A river rat (Sewer)
  A white imp (D:6)
  An ufetubus (D:7)
  2 worms
  A dart slug (D:2)
  91 orcs
  11 endoplasms
  3 giant cockroaches
  4 goblins
  12 hobgoblins
  20 kobolds
  2 quokkas
  9 ball pythons
  6 bats
  9 frilled lizards
  11 rats
533 creatures vanquished.

Vanquished Creatures (collateral kills)
  2 hydras (D:13)
  A centaur warrior (D:13)
  A boulder beetle (D:13)
  A deep elf archer (D:14)
  A deep elf pyromancer (D:14)
  A deep elf zephyrmancer (D:14)
  5 ugly things (D:14)
  A manticore (D:13)
  A centaur skeleton (D:14)
  A kobold brigand (D:14)
  An electric eel (D:13)
16 creatures vanquished.

Vanquished Creatures (others)
  3 spectral weapons
3 creatures vanquished.

Grand Total: 552 creatures vanquished

Notes
Turn   | Place    | Note
-------+----------+-------------------------------------------
     0 | D:1      | kingsuperguy the Draconian Berserker began the quest for
                  | the Orb.
     0 | D:1      | Reached XP level 1. HP: 19/19 MP: 1/1
   203 | D:1      | Reached XP level 2. HP: 23/26 MP: 2/2
   496 | D:1      | Found a faded altar of an unknown god.
   534 | D:1      | Found Dyac's Weapon Shop.
   822 | D:2      | Reached XP level 3. HP: 32/33 MP: 3/3
   916 | D:2      | Reached ** piety under Trog
  1203 | D:2      | Reached XP level 4. HP: 40/40 MP: 4/4
  1440 | D:3      | Found an opulent altar of Gozag.
  1456 | D:3      | Identified the +11 broad axe "Draconian's Regret" {spect,
                  | Str+3}
  1488 | D:3      | Reached skill level 4 in Axes
  2065 | D:3      | Found a large runed translucent door.
  2066 | D:3      | Found a large runed translucent door.
  2081 | D:3      | Found a bloodstained altar of Trog.
  2091 | D:3      | Found a hide-covered altar of Uskayaw.
  2290 | D:4      | Noticed a lemure
  2290 | D:4      | Noticed a lemure
  2290 | D:4      | Noticed a lemure
  2290 | D:4      | Noticed a lemure
  2292 | D:4      | Noticed Pikel
  2304 | D:4      | Found a sand-covered staircase.
  2308 | Ossuary  | Entered an ossuary
  2337 | Ossuary  | Reached XP level 5. HP: 34/46 MP: 5/5
  2388 | Ossuary  | Reached skill level 5 in Axes
  2388 | Ossuary  | Reached skill level 1 in Stealth
  2399 | Ossuary  | Reached XP level 6. HP: 53/53 MP: 6/6
  2461 | Ossuary  | Reached skill level 6 in Axes
  2573 | Ossuary  | Your scales start taking on a pale cyan-grey colour.
  2573 | Ossuary  | Reached XP level 7. HP: 60/60 MP: 7/7
  2573 | Ossuary  | Gained mutation: You are immune to the effects of steam.
                  | [Pale Draconian growth]
  2600 | Ossuary  | Reached *** piety under Trog
  2624 | Ossuary  | Reached skill level 5 in Fighting
  2638 | Ossuary  | Reached skill level 7 in Axes
  2728 | Ossuary  | Reached XP level 8. HP: 56/69 MP: 8/8
  2856 | D:4      | Killed Pikel
  2857 | D:4      | Reached skill level 8 in Axes
  3586 | D:5      | Entered Level 5 of the Dungeon
  3616 | D:5      | Reached skill level 9 in Axes
  3654 | D:5      | Noticed Blork the orc
  3662 | D:5      | Killed Blork the orc
  3662 | D:5      | Reached **** piety under Trog
  3702 | D:5      | Noticed a troll
  3708 | D:5      | Killed a troll
  3714 | D:5      | Reached XP level 9. HP: 63/78 MP: 9/9
  3723 | D:5      | Found a glowing drain.
  3741 | Sewer    | Entered a sewer
  4299 | D:5      | Noticed Eustachio
  4305 | D:5      | Killed Eustachio
  4309 | D:5      | Reached skill level 5 in Dodging
  4386 | D:5      | Found a bloodstained altar of Trog.
  4390 | D:5      | Reached skill level 10 in Axes
  4541 | D:5      | Found a staircase to the Ecumenical Temple.
  5065 | D:6      | Noticed Edmund
  5073 | D:6      | Killed Edmund
  5263 | D:6      | Reached skill level 11 in Axes
  5387 | D:6      | Noticed Sigmund
  5394 | D:6      | Killed Sigmund
  5472 | D:6      | Noticed Menkaure
  5479 | D:6      | Killed Menkaure
  5479 | D:6      | Reached ***** piety under Trog
  6098 | D:7      | Reached XP level 10. HP: 57/86 MP: 10/10
  7430 | D:8      | Reached skill level 5 in Stealth
  7780 | D:8      | Found a sacrificial altar of Ru.
  8060 | D:8      | Reached skill level 12 in Axes
  8235 | D:9      | Found a white marble altar of Elyvilon.
  8275 | D:9      | Reached skill level 1 in Shields
  8476 | D:9      | Found a staircase to the Lair.
  8615 | D:9      | Received a gift from Trog
  8817 | D:10     | Entered Level 10 of the Dungeon
  8876 | D:10     | Noticed Maurice
  8883 | D:10     | Killed Maurice
  8907 | D:10     | Reached skill level 13 in Axes
  8912 | D:10     | Noticed Psyche
  8917 | D:10     | Killed Psyche
  8927 | D:10     | Reached XP level 11. HP: 27/95 MP: 11/11
  9175 | D:10     | Identified the orb of Haez {guile, Rampage rCorr Int+2
                  | Dex-3}
  9187 | D:10     | Noticed a two-headed ogre
  9784 | D:10     | Found a staircase to the Orcish Mines.
  9800 | D:10     | Noticed a deep elf pyromancer
  9803 | D:10     | Noticed a white ugly thing
  9887 | Orc:1    | Entered Level 1 of the Orcish Mines
 10097 | Orc:1    | Noticed an orc knight
 10105 | Orc:1    | Killed an orc knight
 10113 | Orc:1    | Noticed Nergalle
 10116 | Orc:1    | Killed Nergalle
 10269 | Orc:1    | Found Isiet's Antique Armour Boutique.
 10597 | Orc:1    | Noticed an orc sorcerer
 10604 | Orc:1    | Killed an orc sorcerer
 10710 | Orc:1    | Found Xino Ber's Antique Armour Boutique.
 10746 | Orc:2    | Entered Level 2 of the Orcish Mines
 10844 | Orc:1    | Reached skill level 14 in Axes
 11086 | Orc:1    | Reached ****** piety under Trog
 11709 | D:10     | Killed a deep elf pyromancer
 11712 | D:10     | Killed a white ugly thing
 11712 | D:10     | Received a gift from Trog
 11920 | D:10     | Found a glowing golden altar of the Shining One.
 12175 | D:11     | Noticed a sun demon
 12361 | D:11     | Reached skill level 10 in Fighting
 12484 | D:11     | Reached XP level 12. HP: 106/106 MP: 12/12
 12485 | D:11     | Noticed a boulder beetle
 12494 | D:11     | Killed a boulder beetle
 12747 | D:12     | Noticed a boulder beetle
 12757 | D:12     | Killed a boulder beetle
 12758 | D:12     | Reached skill level 15 in Axes
 13424 | D:12     | Found a shimmering blue altar of Sif Muna.
 13611 | D:12     | Identified the amulet of Docsebui {Acrobat -Cast Rampage
                  | rElec Regen+}
 13876 | D:13     | Noticed Kirke
 13881 | D:13     | Killed Kirke
 13916 | D:13     | Received a gift from Trog
 14003 | D:13     | Noticed a five-headed hydra
 14015 | D:13     | Killed a five-headed hydra
 14039 | D:13     | Noticed a centaur warrior
 14040 | D:13     | Noticed a boulder beetle
 14041 | D:13     | Noticed a four-headed hydra
 14042 | D:13     | Killed a centaur warrior
 14043 | D:13     | Reached skill level 16 in Axes
 14043 | D:13     | Noticed a boulder beetle
 14044 | D:13     | Killed a four-headed hydra
 14048 | D:13     | Killed a boulder beetle
 14049 | D:13     | Killed a boulder beetle
 14050 | D:13     | Reached XP level 13. HP: 104/116 MP: 13/13
 14072 | D:13     | Found a runed translucent gate.
 14072 | D:13     | Found a runed translucent gate.
 14072 | D:13     | Found a runed translucent gate.
 14158 | D:13     | Noticed a stone giant
 14163 | D:13     | Noticed a fire giant
 14257 | D:13     | Found a runed translucent gate.
 14257 | D:13     | Found a runed translucent gate.
 14257 | D:13     | Found a runed translucent gate.
 14578 | D:13     | Noticed Azrael
 14604 | D:13     | Killed Azrael
 15135 | D:14     | Found a transporter.
 15442 | D:14     | Reached skill level 17 in Axes
 15443 | D:14     | Reached skill level 5 in Shields
 15523 | D:14     | Received a gift from Trog
 15524 | D:14     | Reached XP level 14. HP: 97/127 MP: 14/14
 15593 | D:14     | Found a gate to the Vaults.
 15667 | D:14     | Found a transporter.
 15760 | D:14     | Gained mutation: You occasionally lose the ability to read
                  | scrolls when taking damage. [mutagenic glow]
 15842 | D:14     | Identified the +2 cloak of the Enchanted Forest {+Blink
                  | rPois}
 15869 | D:15     | Entered Level 15 of the Dungeon
 15874 | D:15     | Noticed Rupert
 15885 | D:15     | Killed Rupert
 15921 | D:15     | Found a frozen archway.
 15951 | IceCv    | Entered an ice cave
 15956 | IceCv    | Slain by a seven-headed hydra simulacrum

Illustrated notes

Levels and vault maps discovered:
D:1:      nzn_arrival_settlement, layout_loops_ring, serial_shops, shop,
          hellmonk_ecumenical_altar_arch_garden, minmay_tetromino_t4
D:2:      layout_basic
D:3:      layout_loops_corners, old_standard_altar, jmf_multi_god_temple2,
          st_stairs_9
D:4:      layout_basic, serial_shops, nicolae_square_shop, enter_ossuary_5,
          skrybe_limestone_x, uniq_pikel
D:5:      layout_cave_pods, temple_fountains, portal_sewer_entry_d,
          serial_glass, glass_columns_c, glass_columns_b, minmay_ruined_shrine,
          uniq_eustachio, uniq_blork_the_orc
D:6:      layout_basic, uniq_sigmund, uniq_menkaure, uniq_edmund
D:7:      layout_basic
D:8:      layout_layer_cave, nicolae_ru_sacrificial_ziggurat,
          nicolae_grassy_gnolls
D:9:      layout_rooms, elyvilon_altar_3, dpeg_oklobed_lair,
          hangedman_decor_diamond_cutter
D:10:     layout_rooms, tso_metal_star, orc_0_dummy, serial_rivers,
          chequers_serial_rivers_micro_c, chequers_serial_rivers_micro_b,
          chequers_serial_rivers_micro_d, chequers_serial_rivers_micro_b,
          chequers_serial_rivers_micro_d, chequers_big_river,
          minmay_mirror_moons_of_madness, uniq_maurice, uniq_psyche
D:11:     layout_rooms, fungi_pond_lemuel
D:12:     layout_gridville, kennysheep_orc_sif_temple
D:13:     kennysheep_treasure_stockpile, layout_long_grid, uniq_azrael,
          uniq_kirke
D:14:     gammafunk_worm_tunnel, layout_rooms,
          hangedman_vaults_entry_quadrant_bands
D:15:     grunt_enter_depths_hoard, layout_basic,
          portal_ice_cave_entry_ugly_swarm, hellmonk_bongcloud_opening,
          uniq_rupert
Orc:1:    layout_caves, serial_shops, nicolae_shop_dealshenge,
          nicolae_shop_behind_doors, nicolae_orc_lava_tube,
          nicolae_orc_stony_grotto, uniq_nergalle
Orc:2:    st_orc_pillars, layout_caves, nicolae_orc_crystal_geode
IceCv:    ice_cave_statue_garden_chambered

Skill      XL: |  1  2  3  4  5  6  7  8  9 10 11 12 13 14 |
---------------+-------------------------------------------+-----
Dodging        | 3 4 5 6 7 8 9 |  9.5
Fighting       | 4 5 6 7 8 10 11 12 13 | 13.0
Axes           | 4 5 6 7 9 11 13 14 16 17 | 17.7
Stealth        | 1 2 3 4 5 7 8 |  8.6
Shields        | 1 2 4 5 |  5.3
Evocations     | |  0.3

Action                     |  1- 3 |  4- 6 |  7- 9 | 10-12 | 13-15 || total
---------------------------+-------+-------+-------+-------+-------++-------
  Melee: Hand axe          |    76 |    14 |       |       |       ||    90
         Tailslap          |     6 |     4 |    20 |    42 |    37 ||   109
         Punch             |     1 |       |     3 |     1 |       ||     5
         Broad axe         |       |    52 |   184 |   326 |   183 ||   745
 Invoke: Berserk           |     1 |       |       |     2 |     1 ||     4
         Brothers in Arms  |       |       |       |     1 |     4 ||     5
         Trog's Hand       |       |       |       |     1 |       ||     1
Ability: Breathe Steam     |       |       |       |     3 |     4 ||     7
         Evoke Blink       |       |       |       |       |     1 ||     1
  Evoke: Wand              |       |       |       |     1 |     1 ||     2
    Use: Scroll            |       |       |       |    11 |       ||    11
   Stab: Distracted        |     1 |     1 |     2 |     4 |     5 ||    13
         Sleeping          |       |       |    11 |     6 |     5 ||    22
 Armour: Skin              |    39 |    37 |    28 |    66 |    43 ||   213
  Dodge: Dodged            |    54 |    39 |   100 |   177 |    98 ||   468
  Block: Buckler           |       |       |       |    80 |    29 ||   109
